 Dungeon Crawl Stone Soup version 0.26.1-2-gb8aa6d0cf2 (webtiles) character file.

Game seed: 15561241586912826807

1446 vatarom the Ruffian (level 8, -11/64 HPs)
             Began as a Pale Draconian Transmuter on Feb 15, 2021.
             Was an Initiate of Ru.
             Killed by divine providence
             ... invoked by an orc priest
              (14 damage)
             ... on level 6 of the Dungeon.
             The game lasted 00:09:00 (8353 turns).

vatarom the Ruffian (Pale Draconian Transmuter)     Turns: 8353, Time: 00:09:00

Health: -11/64     AC:  6    Str: 14    XL:     8   Next: 46%
Magic:  11/11      EV: 12    Int: 13    God:    Ru [......]
Gold:   311        SH:  0    Dex: 13    Spells: 7/11 levels left

rFire    . . .     SeeInvis .     - Unarmed
rCold    + . .     Faith    .   (no shield)
rNeg     . . .     Spirit   .   (armour unavailable)
rPois    .         Reflect  .   (helmet restricted)
rElec    .         Harm     .   (no cloak)
rCorr    .         Rampage  .   (no gloves)
Will     .....                  (no boots)
Stlth    ..........             (no amulet)
HPRegen  0.20/turn              m - ring of attention
MPRegen  0.12/turn              (no ring)

@: short of breath
A: breathe steam, unfitting armour, blurry vision 1, cold resistance 1, robust
1, cold-blooded, AC +6
a: Breathe Steam, Renounce Religion, Sacrifice Nimbleness, Sacrifice Courage,
Sacrifice Drink, Reject Sacrifices


You were on level 6 of the Dungeon.
You worshipped Ru.
Ru was noncommittal.
You visited 1 branch of the dungeon, and saw 6 of its levels.

You collected 311 gold pieces.

Inventory:

Missiles
 e - 3 javelins
Armour
 b - a +0 pair of boots
 h - a +2 pair of gloves
Jewellery
 m - a ring of attention (left hand)
Wands
 j - a wand of random effects (12)
Scrolls
 a - a scroll of remove curse {@r2}
 c - a scroll of magic mapping
 d - 8 scrolls of identify {@r1}
 g - 2 scrolls of amnesia


   Skills:
 - Level 1.1 Fighting
 - Level 1.7 Dodging
 + Level 6.9 Unarmed Combat
 - Level 2.0 Spellcasting
 + Level 6.4 Transmutations
 + Level 5.6 Poison Magic


You had 7 spell levels left.
You knew the following spells:

 Your Spells              Type           Power        Failure   Level
a - Beastly Appendage     Tmut           36%          1%          1
b - Spider Form           Tmut/Pois      8%           6%          3

Your spell library contained the following spells:

 Spells                   Type           Power        Failure   Level
 Wereblood                Tmut           18%          2%          2
 Animate Skeleton         Necr           2%           26%         1
 Apportation              Tloc           2%           26%         1
 Corona                   Hex            1%           26%         1
 Summon Small Mammal      Summ           4%           26%         1
 Blade Hands              Tmut           9%           45%         5
 Ice Form                 Ice/Tmut       9%           56%         4


Dungeon Overview and Level Annotations

Branches:
Dungeon (6/15)             Temple (0/1) D:6

Altars:
Elyvilon
Fedhas
Ru
Xom

Portals:
Abyss: D:6

Annotations:
D:3 1 runed translucent door
D:5 1 runed translucent door, Crazy Yiuf
D:6 1 transporter, SamuraiZach's ghost, amateur TrMo


Innate Abilities, Weirdness & Mutations

You can breathe blasts of scalding, opaque steam.
Your pale cyan-grey scales are hard. (AC +6)
You cannot fit into any form of body armour.
You are cold-blooded and may be slowed by cold attacks.
Scrolls take you a little longer to read.
Your flesh is cold resistant. (rC+)
You are robust. (+10% HP)


Message History

The orc hits you with a +0 long sword.
* * * LOW HITPOINT WARNING * * *
The orc hits you but does no damage. The giant cockroach closely misses you.
The orc closely misses you.
As you read the scroll labelled QENGEN WIESK, it crumbles to dust.
It is a scroll of enchant weapon.
You aren't carrying any weapons that can be enchanted.
Unknown command.
Casting: Spider Form (dangerous; 6% risk of failure)
Confirm with . or Enter, or press ? or * to list all spells.
Okay, then.
Press: ? - help, Shift-Dir - straight line, f - orc priest
Aim: an orc priest, wielding a +0 hand axe You exhale a blast of scalding steam.
The ball of steam misses the orc.
The ball of steam hits the orc priest!
The orc priest is heavily wounded.
The sentinel's mark upon you fades away.
The orc priest calls down the wrath of Beogh upon you.
Beogh smites you!
You die...

..##.......# #.####.# #.#
.o.........# #......# #.#
.5##.......# #s#..#### #####.#
..##.......# #.o.....#####..©..#
...........# #..####.......###..
.##..##.###* #..#x5###...###W##.
)##.?#...# #..##.W,##..#,##K#.
......?..#*** #oB5#..#,####,,,##.
#)#........,**#o@##.#^,.?.,,,##..
..........._.ooo##.#...#.#∩W##...
..##.......####o#©.,^....#..#....
...#.#...##* *#.#*,^..*##...###..
#....#...# *...**..##.*##,,,##.
........## *.F.**,**,,,,**,**#.
####*#,,.*** #..#*,*,***,,,**,,#.
**,,,,**#..*,**,,***,,**,*#.
*,,,*,,,*,,**,©,*,,*©,*,,#..


You could see a scorpion, 2 orc priests, an orc wizard, a white imp, 4 orcs and
a giant cockroach.

Vanquished Creatures
  Sigmund (D:5)
  A black bear (D:6)
  An orc warrior (D:6)
  A phantom (D:4)
  3 ogres
  2 scorpions
  A jelly (D:5)
  4 orc priests
  Ijyb (D:5)
  An orc wizard (D:5)
  A bullfrog skeleton (D:5)
  Jessica (D:2)
  4 worker ants
  Terence (D:3)
  A killer bee zombie (D:6)
  A hound skeleton (D:4)
  5 gnolls (D:3)
  8 adders
  A white imp (D:5)
  2 ufetubi
  An ooze (D:1)
  6 worms
  A dart slug (D:2)
  4 leopard geckos
  11 orcs
  6 bats
  7 giant cockroaches
  4 goblins
  5 hobgoblins
  5 jackals
  2 quokkas
  A ball python (D:4)
  A ball python zombie (D:5)
  6 frilled lizards
  A jackal skeleton (D:5)
  9 kobolds
  A leopard gecko skeleton (D:4)
  A quokka skeleton (D:5)
  7 rats
120 creatures vanquished.

Notes
Turn   | Place    | Note
-------+----------+-------------------------------------------
     0 | D:1      | vatarom the Draconian Transmuter began the quest for the
                  | Orb.
     0 | D:1      | Reached XP level 1. HP: 16/16 MP: 3/3
   315 | D:1      | Reached XP level 2. HP: 23/23 MP: 3/5
  1182 | D:2      | Reached XP level 3. HP: 28/28 MP: 4/6
  1218 | D:2      | Learned a level 3 spell: Spider Form
  1224 | D:2      | Noticed Jessica
  1230 | D:2      | Killed Jessica
  1238 | D:2      | Reached skill level 1 in Poison Magic
  1524 | D:2      | Reached XP level 4. HP: 35/35 MP: 7/7
  1590 | D:2      | Found a blossoming altar of Fedhas.
  2171 | D:3      | Found a white marble altar of Elyvilon.
  2171 | D:3      | Found a runed translucent door.
  2171 | D:3      | Noticed an angel
  2466 | D:3      | Found a faded altar of an unknown god.
  3082 | D:3      | Reached XP level 5. HP: 27/40 MP: 8/8
  3242 | D:3      | HP: 2/40 [poisoned by an adder]
  4045 | D:3      | Noticed Terence
  4062 | D:3      | Killed Terence
  4147 | D:3      | Reached XP level 6. HP: 26/47 MP: 7/9
  4435 | D:4      | Found a sacrificial altar of Ru.
  4458 | D:4      | Became a worshipper of Ru the Awakened
  4726 | D:4      | Reached skill level 5 in Unarmed Combat
  5408 | D:4      | Your scales start taking on a pale cyan-grey colour.
  5408 | D:4      | Reached XP level 7. HP: 52/52 MP: 6/10
  5554 | D:4      | Reached skill level 5 in Transmutations
  6336 | D:5      | Entered Level 5 of the Dungeon
  6441 | D:5      | Noticed Ijyb
  6455 | D:5      | Killed Ijyb
  6602 | D:5      | Found a runed translucent door.
  6603 | D:5      | Noticed Crazy Yiuf
  6651 | D:5      | Gained mutation: Scrolls take you a little longer to read.
                  | [potion of mutation]
  6651 | D:5      | Gained mutation: Your flesh is cold resistant. (rC+)
                  | [potion of mutation]
  6651 | D:5      | Gained mutation: You are robust. (+10% HP) [potion of
                  | mutation]
  7327 | D:5      | Noticed Sigmund
  7337 | D:5      | Reached XP level 8. HP: 61/64 MP: 8/11
  7347 | D:5      | Killed Sigmund
  7348 | D:5      | Reached skill level 5 in Poison Magic
  7927 | D:6      | Found a one-way gate to the infinite horrors of the Abyss.
  7927 | D:6      | Noticed SamuraiZach's ghost (amateur TrMo)
  7932 | D:6      | Found a transporter.
  8349 | D:6      | Found a shimmering altar of Xom.
  8352 | D:6      | HP: 2/64 [orc/+0 long sword (4)]
  8353 | D:6      | Killed from afar by an orc priest

Illustrated notes

Levels and vault maps discovered:
D:1:      dpeg_arrival_refuge, layout_basic, chequers_serial_rivers_marsh
D:2:      layout_basic, fedhas_altar_4, uniq_jessica
D:3:      minmay_chambers_of_threes, layout_loops_corners,
          chequers_ecumenical_altar_island, lemuel_angel_altar, uniq_terence
D:4:      layout_cave_pods, hangedman_ru_absence
D:5:      layout_loops_corners, amethyst_killhole,
          minmay_misc_feat_secret_circle, uniq_crazy_yiuf_cottage, uniq_sigmund,
          uniq_ijyb
D:6:      layout_loops_cross, overflow_temple_1_default,
          minmay_temple_entry_statues_pillars, gammafunk_ghost_abyssal_escape

Skill      XL: |  1  2  3  4  5  6  7  8 |
---------------+-------------------------+-----
Transmutations | 3 4 5 6 |  6.4
Poison Magic   | 1 2 3 4 5 |  5.6
Unarmed Combat | 4 5 6 |  6.9
Fighting       | |  1.1
Dodging        | |  1.7
Spellcasting   | |  2.0

Action                   |  1- 3 |  4- 6 |  7- 9 || total
-------------------------+-------+-------+-------++-------
Melee: Unarmed           |    70 |    52 |   142 ||   264
       Headbutt          |     8 |     7 |     2 ||    17
       Tailslap          |     5 |     9 |    10 ||    24
       Kick              |     8 |    14 |     1 ||    23
       Club              |     5 |   125 |     8 ||   138
       Punch             |       |     2 |     3 ||     5
 Cast: Beastly Appendage |    24 |    14 |     1 ||    39
       Spider Form       |       |    13 |    13 ||    26
 Abil: Breathe Steam     |       |       |     2 ||     2
       End Transformatio |       |       |     1 ||     1
  Use: Scroll            |       |     4 |     2 ||     6
       Potion            |       |     8 |     2 ||    10
 Stab: Sleeping          |     1 |       |       ||     1
Armor: Skin              |    13 |    60 |    21 ||    94
Dodge: Dodged            |    42 |   136 |   121 ||   299
